 Dungeon Crawl Stone Soup version 0.31-a0-196-g86fe4a5e66 (webtiles) character file.

Game seed: 9968932122368679908

22 qw the Shooter (level 2, -1/16 HPs)
             Began as a Deep Elf Hunter on June 24, 2023.
             Killed from afar by Sigmund (8 damage)
             ... with a puff of flame
             ... on level 2 of the Dungeon.
             The game lasted 00:00:16 (1027 turns).

qw the Shooter (Deep Elf Hunter)                    Turns: 1027, Time: 00:00:16

Health: -1/16      AC:  8    Str:  8    XL:     2   Next: 68%
Magic:  4/4        EV: 10    Int: 13    God:
Gold:   82         SH:  0    Dex: 18    Spells: 1/1 levels left

rFire   . . .        Y - +0 shortbow
rCold   . . .        (shield currently unavailable)
rNeg    . . .        g - +0 ring mail
rPois   .            (no helmet)
rElec   .            (no cloak)
rCorr   .            (no gloves)
SInv    .            e - +2 pair of boots
Will    .....        (no amulet)
Stlth   +            (no ring)
HPRegen 0.22/turn    (no ring)
MPRegen 0.09/turn

%: no passive effects
@: no status effects
A: no striking features
a: no special abilities


You were on level 2 of the Dungeon.
You visited 1 branch of the dungeon, and saw 2 of its levels.

You collected 82 gold pieces.


   Skills:
 - Level 1.5 Fighting
 + Level 6.4 Ranged Weapons
 - Level 2.4 Dodging
 - Level 1.2 Stealth


You had one spell level left.
You didn't know any spells.
Your spell library was empty.

Inventory:

Hand Weapons
 Y - a +0 shortbow (weapon)
Armour
 e - a +2 pair of boots (worn)
 g - a +0 ring mail (worn)
Scrolls
 a - a scroll of identify
 b - a scroll of teleportation {unknown}
Potions
 f - 2 potions of curing {unknown}
 h - a potion of magic {unknown}

Dungeon Overview and Level Annotations

Branches:
Dungeon (2/15)

Altars:

Annotations:
D:2 Sigmund


Message History

Sigmund is moderately wounded.
You shoot an arrow. The arrow hits Sigmund.
Sigmund is moderately wounded.
Sigmund casts a spell at you.
The puff of flame hits you but does no damage.
You shoot an arrow. The arrow completely misses Sigmund.
You shoot an arrow. The arrow hits Sigmund!
Sigmund is severely wounded.
Sigmund barely misses you.
You shoot an arrow. The arrow closely misses Sigmund.
Sigmund barely misses you.
You shoot an arrow.
The arrow hits Sigmund but does no damage.
Sigmund is severely wounded.
Sigmund casts a spell at you.
You are confused.
Sigmund hits you but does no damage. Sigmund barely misses you.
Sigmund casts a spell.
Sigmund flickers and vanishes!
Deactivating autopickup; reactivate with Ctrl-A.
You shoot an arrow.
A magic dart appears from out of thin air!
The magic dart hits you.
You shoot an arrow.
You hear some strange, mumbled words.
A puff of flame appears from out of thin air!
The puff of flame misses you. Something hits you.
You shoot an arrow.
You feel less confused.
You hear some strange, mumbled words.
Something tries to affect you, but you resist.
You shoot an arrow. Something hits you but does no damage.
You shoot an arrow.
You hear some strange, mumbled words.
A puff of flame appears from out of thin air!
The puff of flame hits you!
Ouch! That really hurt!
You die...

#.) ..................
#.. ..................
#... #######.#.##.##..#
#....######..#.##.##...
###...........#.##.##..#
...[..######...^........
........................
.##..##.####.......#...#
# #@# #+#####.#...#
#........ #...#
#..{..... #....
......... #...#
......... #.##...#
#......... +.......
##........ #.##...#
#.####...........#
.........


There were no monsters in sight!

Vanquished Creatures
  An adder (D:2)
  A dart slug (D:2)
  2 bats
  An endoplasm (D:2)
  A hobgoblin (D:1)
  A quokka (D:2)
  3 ball pythons
  A frilled lizard (D:1)
  2 kobolds
13 creatures vanquished.

Notes
Turn   | Place    | Note
-------+----------+-------------------------------------------
     0 | D:1      | qw the Deep Elf Hunter began the quest for the Orb.
     0 | D:1      | Reached XP level 1. HP: 12/12 MP: 3/3
     0 | D:1      | 0 ||| qw: Version: 0.3-a-9-g12657ce
     0 | D:1      | 0 ||| qw: Game counter: 4778
     0 | D:1      | 0 ||| qw: Always use a shield: true
     0 | D:1      | 0 ||| qw: God list: Okawaru
     0 | D:1      | 0 ||| qw: Allow faded altars: false
     0 | D:1      | 0 ||| qw: Do Orc after D:15 true
     0 | D:1      | 0 ||| qw: Do second Lair branch before Depths: true
     0 | D:1      | 0 ||| qw: Lair rune preference: random
     0 | D:1      | 0 ||| qw: Plans: Normal
     0 | D:1      | 0 ||| PLANNING D:1-11
   793 | D:1      | 793 ||| UPGRADING to +2 pair of boots.
   798 | D:1      | 798 ||| UPGRADING to +0 ring mail.
   808 | D:1      | 808 ||| DROPPING +0 leather armour.
   809 | D:1      | 809 ||| READING 2 scrolls labelled YKHLOZ UCOCI.
   810 | D:1      | 810 ||| DROPPING scroll of butterflies.
   874 | D:2      | Reached skill level 6 in Ranged Weapons
   874 | D:2      | Reached XP level 2. HP: 13/16 MP: 4/4
  1009 | D:2      | Noticed Sigmund
  1027 | D:2      | Killed from afar by Sigmund

Levels and vault maps discovered:
D:1:      psy_arrival_basics, layout_loops_corners, kennysheep_pointless_box
D:2:      layout_basic, minmay_tromino_i2, uniq_terence, uniq_sigmund,
          uniq_crazy_yiuf_cottage

Skill      XL: |  1 |
---------------+----+-----
Ranged Weapons | 6 |  6.4
Fighting       | |  1.5
Dodging        | |  2.4
Stealth        | |  1.2

Action                     || total
---------------------------++-------
   Fire: Shortbow          ||    53
    Use: Scroll            ||     1
 Armour: Ring mail         ||     7
         Leather armour    ||     2
  Dodge: Dodged            ||    12

Table legend:
 A = Non-vault XP
 B = Vault XP
 C = Vault XP percentage of total XP
 D = Non-vault monster count
 E = Vault monster count
 F = Vault count percentage of total count
                 A         B        C        D         E       F
            +---------+---------+-------+---------+---------+-------
      Total |      29 |       3 |   9.4 |      11 |       2 |  15.4
            +---------+---------+-------+---------+---------+-------
        D:1 |       7 |       0 |   0.0 |       5 |       0 |   0.0
        D:2 |      22 |       3 |  12.0 |       6 |       2 |  25.0
            +---------+---------+-------+---------+---------+-------
